 Dungeon Crawl Stone Soup version 0.24.0-7-gb3623d2c88 (webtiles) character file.

Game seed: 7229079327451560677, levelgen mode: deterministic

2123 night the Reanimator (level 9, 0/68 HPs)
             Began as a Deep Dwarf Necromancer on Nov 3, 2019.
             Was an Initiate of Makhleb.
             Slain by an orc warrior
             ... wielding a +4 battleaxe
              (9 damage)
             ... on level 7 of the Dungeon.
             The game lasted 00:24:55 (8071 turns).

night the Reanimator (Deep Dwarf Necromancer)       Turns: 8071, Time: 00:24:57

Health: 0/68       AC: 28    Str: 12    XL:     9   Next: 8%
Magic:  16/18      EV:  3    Int: 19    God:    Makhleb [......]
Gold:   329        SH:  0    Dex: 13    Spells: 16/21 levels left

rFire    . . .     SeeInvis .   B - +2 war axe (vamp)
rCold    . . .     Gourm    .   (no shield)
rNeg     . . .     Faith    .   G - +10 plate armour {ponderous}
rPois    .         Spirit   .   v - +2 helmet
rElec    .         Reflect  .   E - +0 cloak
rCorr    .         Harm     .   o - +0 pair of gloves
MR       +....                  j - +0 pair of boots
Stlth    ..........             (no amulet)
HPRegen  0.00/turn              (no ring)
MPRegen  0.16/turn              (no ring)

@: very slightly contaminated, non-regenerating, slow
A: damage resistance, heal wounds, sense surroundings 2, no regeneration
a: Heal Wounds, Renounce Religion


You were on level 7 of the Dungeon.
You worshipped Makhleb.
Makhleb was noncommittal.
You were not hungry.

You visited 2 branches of the dungeon, and saw 8 of its levels.

You collected 383 gold pieces.
You spent 54 gold pieces at shops.

Inventory:

Hand Weapons
 h - a +0 hand axe
 z - a +1 shortbow of flaming
 B - a +2 vampiric war axe (weapon)
Missiles
 p - 2 boomerangs
 s - 4 curare-tipped darts (quivered)
 D - 44 arrows
Armour
 a - a +0 robe
 j - a +0 pair of boots (worn)
 o - a +0 pair of gloves (worn)
 v - a +2 helmet (worn)
 y - a +0 scale mail
 E - a +0 cloak (worn)
 G - a +10 plate armour of ponderousness (worn)
Jewellery
 t - a cursed -6 ring of slaying {unknown}
Wands
 w - a wand of enslavement (15)
Scrolls
 d - 2 scrolls of remove curse
 k - a scroll of teleportation
 q - 6 scrolls of identify
 r - a scroll of blinking {unknown}
 A - a scroll of amnesia
 C - a scroll of fear
Potions
 b - a potion of lignification {unknown}
 e - a potion of heal wounds {unknown}
 f - a potion of haste {unknown}
 g - 3 potions of mutation {unknown}
 i - a potion of brilliance {unknown}
 l - a potion of might {unknown}
 m - 3 potions of curing
 n - a potion of flight {unknown}
 u - a potion of magic {unknown}
Comestibles
 c - 14 rations


   Skills:
 - Level 4.0 Axes
 * Level 3.6 Armour
 - Level 2.1 Dodging
 - Level 2.4 Stealth
 + Level 6.6 Spellcasting
 + Level 9.4 Necromancy


You had 16 spell levels left.
You knew the following spells:

 Your Spells              Type           Power        Failure   Level  Hunger
a - Pain                  Necr           ####         36%         1    None
b - Vampiric Draining     Necr           #####.....   73%         3    ##.....
c - Animate Skeleton      Necr           N/A          36%         1    None

Your spell library contained the following spells:

 Spells                   Type           Power        Failure   Level  Hunger
 Animate Dead             Necr           N/A          98%         4    ####...
 Beastly Appendage        Tmut           #.....       100%        1    None
 Sticks to Snakes         Tmut           #.......     100%        2    None
 Spider Form              Tmut/Pois      #.........   100%        3    ##.....
 Ice Form                 Ice/Tmut       #.......     100%        4    ####...
 Blade Hands              Tmut           #.........   100%        5    #####..
 Regeneration             Chrm/Necr      Unusable     N/A         3    N/A

Dungeon Overview and Level Annotations

Branches:
Dungeon (7/15)             Temple (1/1) D:5

Altars:
Ashenzari
Cheibriados
Dithmenos
Elyvilon
Fedhas
Gozag
Kikubaaqudgha
Makhleb
Nemelex Xobeh
Okawaru
Qazlal
Ru
Sif Muna
Trog
Uskayaw
Vehumet
Wu Jian
Xom
Yredelemnul
Zin
The Shining One

Shops:
D:5 ?   D:6 =   D:7 [


Innate Abilities, Weirdness & Mutations

You are resistant to damage.
You can heal yourself by infusing magical energy.
You passively map the area around you.
You do not regenerate.


Message History

The orc warrior is severely wounded.
You closely miss the orc priest.
The gnoll shouts!
You hear a shout! x2
The orc warrior hits you but does no damage.
The orc priest hits you but does no damage.
Unknown command.
Your plate armour prevents you from hitting the orc priest.
The orc priest is moderately wounded.
You hit the orc priest.
Your plate armour prevents you from hitting the orc warrior.
The orc priest hits you but does no damage.
The orc warrior hits you but does no damage.
The orc priest hits you but does no damage. x2
Your plate armour prevents you from hitting the orc priest.
The orc priest is moderately wounded.
You hit the orc warrior but do no damage.
You hit the orc priest but do no damage.
A gnoll comes into view. It is wielding a +0 club.
The orc warrior hits you with a +4 battleaxe!
You die...

* ##.........., ,
#........... , ,
###..........# ,
,
##..........g.#,
##........g.....,
,
#........g......
, ,,,
###♣............
, #.............
♣∩♣.@o........, *
#...oo...#.... ,
#♣####........, *
, *......... ,* ,
......).. *
........#
*#........#**,
....... **, *
....... * **


You could see an orc warrior, a gnoll sergeant, 2 orc priests and 2 gnolls.

Vanquished Creatures
  Grinder (D:3)
  Prince Ribbit (D:6)
  Menkaure (D:6)
  An orc warrior (D:6)
  A phantom (D:5)
  An ice beast (D:5)
  An ogre (D:6)
  3 centaurs
  A howler monkey (D:5)
  3 bullfrog zombies
  2 crimson imps
  3 hounds
  3 orc wizards
  2 orc priests
  2 jellies (D:6)
  Jessica (D:3)
  3 iguanas
  Ijyb (D:4)
  4 worker ants
  A hound zombie (D:6)
  A hound skeleton (D:5)
  9 gnolls
  4 adders
  An adder skeleton (D:5)
  2 worms
  4 leopard geckos
  33 orcs
  A ball python (D:2)
  6 bats
  2 giant cockroaches
  11 goblins
  5 hobgoblins
  4 jackals
  10 kobolds
  7 quokkas
  2 frilled lizards
  A leopard gecko skeleton (D:4)
  11 rats
150 creatures vanquished.

Vanquished Creatures (others)
  An orc wizard (D:4)
1 creature vanquished.

Grand Total: 151 creatures vanquished

Notes
Turn   | Place    | Note
-------+----------+-------------------------------------------
     0 | D:1      | night the Deep Dwarf Necromancer began the quest for the
                  | Orb.
     0 | D:1      | Reached XP level 1. HP: 15/15 MP: 3/3
   104 | D:1      | Reached XP level 2. HP: 19/22 MP: 0/5
   699 | D:1      | Reached skill level 5 in Necromancy
   699 | D:1      | Reached XP level 3. HP: 20/28 MP: 3/6
   704 | D:1      | Learned a level 3 spell: Vampiric Draining
  1123 | D:2      | Found a faded altar of an unknown god.
  1252 | D:2      | Reached XP level 4. HP: 33/36 MP: 1/8
  1438 | D:2      | Found an ornate altar of the Wu Jian Council.
  2460 | D:3      | Noticed Jessica
  2472 | D:3      | Killed Jessica
  2472 | D:3      | Reached XP level 5. HP: 30/42 MP: 2/10
  2482 | D:3      | Reached skill level 6 in Necromancy
  3966 | D:3      | Noticed Grinder
  3985 | D:3      | Learned a level 1 spell: Animate Skeleton
  4107 | D:3      | Paralysed by Grinder for 3 turns
  4115 | D:3      | Paralysed by Grinder for 2 turns
  4121 | D:3      | Paralysed by Grinder for 5 turns
  4128 | D:3      | Paralysed by Grinder for 6 turns
  4138 | D:3      | Paralysed by Grinder for 5 turns
  4155 | D:3      | Paralysed by Grinder for 3 turns
  4164 | D:3      | Killed Grinder
  4164 | D:3      | Reached XP level 6. HP: 35/49 MP: 10/12
  4446 | D:4      | Noticed Ijyb
  4466 | D:4      | Reached skill level 7 in Necromancy
  4524 | D:4      | Killed Ijyb
  4524 | D:4      | Reached XP level 7. HP: 30/55 MP: 1/14
  5302 | D:5      | Entered Level 5 of the Dungeon
  5318 | D:5      | Reached skill level 5 in Spellcasting
  5645 | D:6      | Reached skill level 8 in Necromancy
  5645 | D:6      | Noticed Prince Ribbit
  5671 | D:6      | Killed Prince Ribbit
  5671 | D:6      | Reached XP level 8. HP: 24/62 MP: 0/16
  5852 | D:6      | Found Ehiuner's Jewellery Boutique.
  5941 | D:6      | Found a sparkling altar of Nemelex Xobeh.
  6407 | D:6      | Noticed Menkaure
  6420 | D:6      | Killed Menkaure
  6457 | D:6      | Found a radiant altar of Vehumet.
  6490 | D:6      | Reached skill level 9 in Necromancy
  6693 | D:6      | Found a shimmering blue altar of Sif Muna.
  6970 | D:6      | Reached skill level 1 in Armour
  7071 | D:6      | Found a radiant altar of Vehumet.
  7071 | D:6      | Found a faded altar of an unknown god.
  7094 | D:6      | Found an opulent altar of Gozag.
  7096 | D:6      | Found a faded altar of an unknown god.
  7097 | D:6      | Found a shimmering altar of Xom.
  7560 | D:5      | Found a staircase to the Ecumenical Temple.
  7573 | Temple   | Entered the Ecumenical Temple
  7669 | Temple   | Became a worshipper of Makhleb the Destroyer
  7775 | D:5      | Found Vedicel's Magic Scroll Emporium.
  7813 | D:5      | Gained mutation: You passively map the area around you.
                  | [Deep Dwarf growth]
  7813 | D:5      | Reached XP level 9. HP: 38/68 MP: 18/18
  8035 | D:7      | Found Oguma's Armour Shoppe.
  8046 | D:7      | Bought a +0 cloak for 54 gold pieces
  8071 | D:7      | Slain by an orc warrior

Levels and vault maps discovered:
D:1:      eino_arrival_water_star, layout_rooms, minmay_small_reverse_x
D:2:      wad_woods_tower, layout_basic, old_standard_altar,
          chequers_ecumenical_altar_simple, minmay_liquid_box,
          interstate_on_off, st_stairs_6, minmay_misc_feat_more_columns
D:3:      layout_loops_cross, uniq_grinder, uniq_jessica
D:4:      layout_loops_ring, uniq_ijyb
D:5:      layout_rooms, minmay_temple_entry_arrows, first_ration, serial_shops,
          nicolae_shop_trees
D:6:      layout_loops_corners, chequers_temple_overflow_minitemple,
          lemuel_blue_sif_altar, serial_shops, shop, minivault_22,
          corexii_leaking_fountain, hangedman_feature_mirror,
          uniq_prince_ribbit1, uniq_menkaure
D:7:      layout_cave_pools, serial_shops, nicolae_shop_trees, grunt_livestock
Temple:   regret_index_temple_waves

Skill      XL: |  1  2  3  4  5  6  7  8 |
---------------+-------------------------+-----
Spellcasting   | 2 3 4 5 6 |  6.6
Necromancy     | 5 6 7 8 9 |  9.4
Axes           | 2 4 |  4.0
Armour         | 3 |  3.6
Dodging        | |  2.1
Stealth        | |  2.4

Action                   |  1- 3 |  4- 6 |  7- 9 || total
-------------------------+-------+-------+-------++-------
Melee: Unarmed           |     3 |       |       ||     3
       Hand axe          |    11 |    93 |    77 ||   181
       War axe           |       |       |   203 ||   203
 Fire: Shortbow          |       |       |     9 ||     9
Throw: Boomerang         |       |     8 |       ||     8
       Dart              |       |     8 |       ||     8
 Cast: Pain              |    44 |    30 |    21 ||    95
       Vampiric Draining |     4 |    41 |    35 ||    80
       Animate Skeleton  |       |     1 |       ||     1
 Abil: Heal Wounds       |       |     3 |     1 ||     4
  Use: Scroll            |     4 |       |     6 ||    10
 Stab: Sleeping          |     1 |     1 |     1 ||     3
  Eat: Chunk             |     2 |    12 |    13 ||    27
       Ration            |       |       |     1 ||     1
Armor: Robe              |     6 |    36 |     1 ||    43
       Scale mail        |       |       |    97 ||    97
       Plate armour      |       |       |   192 ||   192
Dodge: Dodged            |    23 |    84 |   144 ||   251
